AoeStats
← Ethan

Arabia

510535639Analyzed
2v2 RM · 2d ago on Oct 1, 2026· 30m 11s· 4 players
Game mode
Random Map
Map size
Medium (4 player)
Population
200
Speed
Normal
Resources
Standard
Victory
Conquest
Starting age
Dark Age
Ending age
Imperial Age
RankedLock teamsTeams togetherTeam positionsShared explorationLock speedFull tech treeHidden civsTurbo modeCheats
Victory
Defeat
🇩🇪 Saxons · Germany
1165
+19
🇩🇪 Danes · Germany
1164
+19
🇨🇳 Mongols · China
1251
-21
🇮🇳 Burgundians · India
1190
-17
Ethan
2:12 Loom
9:12 Feudal Age
12:26 Horse Collar
17:18 Double-Bit Axe
23:43 Fletching
23:54 Padded Archer Armor
29:55 Castle Age
Rotten_Potato
4:28 Double-Bit Axe
5:06 Loom
8:33 Wheelbarrow
11:10 Feudal Age
11:10 Gold Mining
11:16 Horse Collar
12:20 Bow Saw
12:20 Man-at-Arms
16:28 Scale Mail Armor
17:39 Town Watch
19:09 Hand Cart
21:01 Castle Age
20:05 Stone Mining
21:07 Crossbowman
22:47 Hand Cart
22:39 Husbandry
27:54 Fletching
29:01 Bodkin Arrow
fickr
5:10 Loom
10:20 Feudal Age
12:25 Town Watch
16:25 Castle Age
15:38 Double-Bit Axe
15:38 Horse Collar
22:39 Wheelbarrow
22:38 Heavy Plow
25:06 Bow Saw
25:44 Stone Mining
27:14 Squires
26:59 Arson
PaulTschigerillo
9:44 Feudal Age
8:32 Loom
10:18 Double-Bit Axe
16:23 Fletching
27:13 Castle Age
26:05 Padded Archer Armor
26:31 Horse Collar
26:42 Gold Mining
27:19 Town Watch
27:14 Crossbowman
27:50 Bodkin Arrow
29:13 Leather Archer Armor
Connection lost

Rejoining the realm…

Still unreachable

The connection could not be restored.

Session expired

The server has moved on; the page needs a fresh start.